 Dungeon Crawl Stone Soup version 0.17-a0-802-g1f09329 (console) character file.

68 dunyain the Chopper (level 4, 33/33 HPs)
             Began as a Demonspawn Gladiator on Apr 26, 2015.
             Quit the game on level 2 of the Dungeon.
             The game lasted 00:01:23 (1293 turns).

dunyain the Chopper (Demonspawn Gladiator)          Turns: 1293, Time: 00:01:23

Health: 33/33      AC: 14    Str: 16    XL:     4   Next: 1%
Magic:  4/4        EV:  5    Int:  9    God:
Gold:   120        SH:  0    Dex: 13    Spells: 0 memorised, 3 levels left

rFire  . . .     SeeInvis .     a - +0 war axe
rCold  . . .     Clarity  .     p - +0 plate armour
rNeg   . . .     SustAb   .     (no shield)
rPois  .         Gourm    .     (helmet restricted)
rElec  .         Spirit   .     (no cloak)
rCorr  .         Warding  .     (no gloves)
rMut   .         Stasis   .     (no boots)
MR     .....                    (no amulet)
Stlth  ..........               (no ring)
                                r - ring of invisibility

@: not resistant to hostile enchantments, extremely unstealthy
A: antennae 1, rough black scales 1, spiny 1
a: Evoke Invisibility


You were on level 2 of the Dungeon.
You were not hungry.

You visited 1 branch of the dungeon, and saw 2 of its levels.

You collected 120 gold pieces.

Inventory:

Hand weapons
 a - a +0 war axe (weapon)
 q - a +1 vampiric hand axe
Missiles
 d - 3 throwing nets (quivered)
Armour
 b - a +0 leather armour
 c - a +0 helmet
 k - a +0 pair of boots
 p - a +0 plate armour (worn)
Jewellery
 r - a ring of invisibility (left hand)
Scrolls
 f - a scroll of magic mapping {unknown}
 g - a scroll of teleportation {unknown}
 h - 3 scrolls of identify {unknown}
 j - a scroll of fog {unknown}
 n - a scroll of enchant armour {unknown}
Potions
 o - a potion of curing {unknown}
Comestibles
 e - a bread ration
 i - 2 beef jerkies
 l - a meat ration
 s - a slice of pizza
 t - 2 chunks of flesh


   Skills:
 - Level 2.0 Fighting
 + Level 4.4 Axes
 - Level 1.7 Throwing
 - Level 2.6 Dodging


You had 3 spell levels left.
You didn't know any spells.

Dungeon Overview and Level Annotations

Branches:
Dungeon (2/15)

Altars:
Trog
Yredelemnul
Zin


Innate Abilities, Weirdness & Mutations

You have a pair of small antennae on your head.
You are partially covered in rough black scales (AC +4, Dex -1).
You are partially covered in sharp spines.


Message History

The goblin is heavily wounded.
You hit the goblin but do no damage.
The goblin is moderately wounded.
The goblin hits you but does no damage. x4
The hobgoblin hits you but does no damage.
The goblin barely misses you.
Unknown command.
You slash the goblin!
You kill the goblin!
Your plate armour prevents you from hitting the hobgoblin.
You hit the goblin.
You kill the goblin!
You slash the goblin!
You kill the goblin!
You have reached level 4!
You feel stronger.
Your demonic ancestry asserts itself...
A pair of antennae grows on your head!
Your +0 helmet falls away!
The hobgoblin hits you but does no damage.
Are you sure you want to abandon this character and quit the game? (Confirm with "yes".)

##### ....## .% .....####
########... # ### .....#..#
8.8.8.8.$.....#..#
........#...............#..#
....#...#%.................#
.....####...............##.#
.....## #$.....g).....<.##.#
......###......g@..........######
##......#.8.8.8)8................
#####...#########.#####..........
...#........##..#..........######
>...#.......##......._......#
...###...................#..#
.#####.###..................##
.###...# ##......._..8.......##
..##.### #................#...##


You could see a hobgoblin and a goblin.

Vanquished Creatures
  Terence (D:2)
  An adder (D:2)
  A worm (D:2)
  2 giant geckos (D:1)
  A giant cockroach (D:1)
  3 hobgoblins
  2 jackals (D:1)
  A quokka (D:2)
  2 bats
  6 goblins
  3 kobolds (D:1)
  5 rats
28 creatures vanquished.

Notes
Turn   | Place    | Note
--------------------------------------------------------------
     0 | D:1      | dunyain, the Demonspawn Gladiator, began the quest for the Orb.
     0 | D:1      | Reached XP level 1. HP: 16/16 MP: 1/1
   181 | D:1      | Reached skill level 3 in Axes
   240 | D:1      | Gained mutation: You are partially covered in rough black scales (AC +4, Dex -1). [demonic ancestry]
   240 | D:1      | Reached XP level 2. HP: 16/22 MP: 2/2
   825 | D:2      | Found a glowing silver altar of Zin.
   830 | D:2      | Found a bloodstained altar of Trog.
   832 | D:2      | Found a basalt altar of Yredelemnul.
  1039 | D:2      | Noticed Terence
  1054 | D:2      | Killed Terence
  1054 | D:2      | Reached skill level 4 in Axes
  1054 | D:2      | Gained mutation: You are partially covered in sharp spines. [demonic ancestry]
  1054 | D:2      | Reached XP level 3. HP: 22/27 MP: 3/3
  1292 | D:2      | Gained mutation: You have a pair of small antennae on your head. [demonic ancestry]
  1292 | D:2      | Reached XP level 4. HP: 33/33 MP: 4/4
  1293 | D:2      | Quit the game

Action                   |  1- 3 |  4- 6 || total
-------------------------+-------+-------++-------
Melee: War axe           |    88 |       ||    88
  Eat: Chunk             |     1 |       ||     1
